 Dungeon Crawl Stone Soup version 0.28.0 (webtiles) character file.

Game seed: 373064366307554131

2914 Kaptain the Digger (level 9, -4/69 HPs)
             Began as a Gargoyle Earth Elementalist on Feb 14, 2022.
             Slain by a killer bee (5 damage)
             ... on level 7 of the Dungeon.
             The game lasted 00:15:20 (8335 turns).

Kaptain the Digger (Gargoyle Earth Elementalist)    Turns: 8335, Time: 00:15:21

Health: -4/69      AC: 24    Str: 11    XL:     9   Next: 78%
Magic:  7/17       EV:  2    Int: 21    God:
Gold:   438        SH:  0    Dex: 10    Spells: 15/19 levels left

rFire   . . .      SeeInvis +   f - +4 halberd
rCold   . . .      Faith    .   (shield currently unavailable)
rNeg    + . .      Spirit   .   (armour currently unavailable)
rPois   ∞          Reflect  .   (helmet currently unavailable)
rElec   .          Harm     .   (cloak currently unavailable)
rCorr   .          Rampage  .   (gloves currently unavailable)
Will    .....      NoTele   +   (boots currently unavailable)
Stlth   +++.......              (no amulet)
HPRegen 0.21/turn               p - ring of see invisible
MPRegen 0.15/turn               (no ring)

@: tree-form, hasted, very quick
A: stationary, stasis, torment immunity, boosted hp, sickness immunity, AC +6,
negative energy resistance 1, (electricity resistance), torment resistance 1,
petrification resistance, (horns 1), frail 1, mutation resistance 1
a: no special abilities


You were on level 7 of the Dungeon.
You were a tree.
You visited 2 branches of the dungeon, and saw 8 of its levels.

You collected 438 gold pieces.

Inventory:

Hand Weapons
 a - a +0 dagger
 f - a +4 halberd (weapon)
 i - a +0 trident
 j - a +0 short sword
 w - the +3 mace "Cysikant" {distort, rC+ Str+3 Dex+2 SInv}
   (You found it on level 6 of the Dungeon)

   It warps and distorts space around it, and may blink, banish, or inflict
   extra damage upon those it strikes.
   Unwielding it can cause banishment or high damage.
   Str:       It affects your strength (+3).
   Dex:       It affects your dexterity (+2).
   rC:        It protects you from cold.
   SInv:      It lets you see invisible.
Missiles
 c - 158 stones
 r - 9 poisoned darts
Armour
 b - a +0 buckler
 e - a +0 cloak (melded)
 h - a +1 pair of boots (melded)
 k - a +0 leather armour (melded)
 x - a +0 helmet
Magical Staves
 y - a staff of death
Jewellery
 p - a ring of see invisible (left branch)
 u - a +4 ring of slaying
Wands
 m - a wand of acid (10)
 o - a wand of paralysis (14)
 q - a wand of charming (20)
 s - a wand of iceblast (13)
Scrolls
 l - a scroll of summoning
Potions
 d - 2 potions of cancellation
 g - a potion of flight
 n - 3 potions of haste


   Skills:
 + Level 4.1 Fighting
 + Level 4.1 Armour
 + Level 3.6 Dodging
 + Level 5.1 Stealth
 + Level 3.5 Shields
 * Level 5.6 Spellcasting
 * Level 5.9 Conjurations
 - Level 0.7 Transmutations
 * Level 7.8 Earth Magic


You had 15 spell levels left.
You knew the following spells:

 Your Spells              Type           Power      Damage    Failure   Level
a - Sandblast             Erth           76%        2d16      1%          1
b - Stone Arrow           Conj/Erth      68%        3d11      1%          3

Your spell library contained the following spells:

 Spells                   Type           Power      Damage    Failure   Level
 Magic Dart               Conj           100%       1d8       1%          1
 Passwall                 Tmut/Erth      19%        N/A       2%          2
 Mephitic Cloud           Conj/Pois/Air  14%        N/A       14%         3
 Call Imp                 Summ           5%         N/A       16%         2
 Petrify                  Tmut/Erth      23%        N/A       19%         4
 Inner Flame              Hex/Fire       5%         N/A       30%         3
 Tukima's Dance           Hex            5%         N/A       30%         3
 Cause Fear               Hex            2%         N/A       71%         4
 Passage of Golubria      Tloc           5%         N/A       71%         4
 Yara's Violent Unravell  Hex/Tmut       3%         3d4       94%         5
 Metabolic Englaciation   Hex/Ice        2%         N/A       96%         5
 Discord                  Hex            2%         N/A       100%        8
 Statue Form              Tmut/Erth      Unusable   N/A       N/A         6

Dungeon Overview and Level Annotations

Branches:
Dungeon (7/15)             Temple (1/1) D:7

Altars:
Ashenzari
Cheibriados
Dithmenos
Elyvilon
Fedhas
Gozag
Hepliaklqana
Kikubaaqudgha
Makhleb
Nemelex Xobeh
Okawaru
Qazlal
Ru
Sif Muna
Trog
Uskayaw
Vehumet
Wu Jian
Xom
Yredelemnul
Zin
The Shining One

Shops:
D:2 (   D:5 ((


Innate Abilities, Weirdness & Mutations

You are a tree.
Your roots penetrate the ground, keeping you stationary.
You cannot be teleported.
You are immune to unholy pain and torment.
Your maximum health is greatly increased.
Your equipment is partially melded.
You are immune to sickness and miasma.
((Your stone body is resilient. (AC +6)))
You are immune to poison.
You resist negative energy. (rN+)
((You are resistant to electric shocks. (rElec)))
You are resistant to unholy torment.
You are immune to petrification.
((You have a pair of small horns on your head.))
You are frail. (-10% HP)
You are somewhat resistant to further mutation.


Message History

Press: ? - help, Shift-Dir - straight line, f - killer bee
Aim: a killer bee (63% to hit)
The blast of sand hits the killer bee!
The killer bee is heavily wounded.
The killer bee stings you but does no damage. x3
Casting: Sandblast (safe; 1% risk of failure)
Confirm with . or Enter, or press ? or * to list all spells.
Aiming: Sandblast (safe; 1% risk of failure)
Press: ? - help, Shift-Dir - straight line, f/p - killer bee
Aim: a killer bee (heavily wounded, 63% to hit)
Okay, then.
Unknown command.
Unknown command.
Casting: Sandblast (safe; 1% risk of failure)
Confirm with . or Enter, or press ? or * to list all spells.
Aiming: Sandblast (safe; 1% risk of failure)
Press: ? - help, Shift-Dir - straight line, f/p - killer bee
Aim: a killer bee (heavily wounded, 63% to hit)
The blast of sand hits the killer bee!
You kill the killer bee!
The killer bee stings you but does no damage.
Unknown command.
Casting: Sandblast (safe; 1% risk of failure)
Confirm with . or Enter, or press ? or * to list all spells.
Aiming: Sandblast (safe; 1% risk of failure)
Press: ? - help, Shift-Dir - straight line, f - killer bee
Aim: a killer bee (63% to hit)
The blast of sand hits the killer bee!
The killer bee is severely wounded.
The killer bee stings you but does no damage.
Casting: Sandblast (safe; 1% risk of failure)
Confirm with . or Enter, or press ? or * to list all spells.
Aiming: Sandblast (safe; 1% risk of failure)
Press: ? - help, Shift-Dir - straight line, f/p - killer bee
Aim: a killer bee (severely wounded, 63% to hit)
The blast of sand misses the killer bee.
The killer bee stings you.
* * * LOW HITPOINT WARNING * * *
The killer bee stings you.
You die...

#. ...# ##..#
#..#. >..
#..# #..#.
..# ##.##
..#.... ..#
#..#
..#....####.#
##.#
............#
#..
.........)#
##.
#.....y.## ##
###.....♣## #
.......#.# #
####.#....#
.........##
.........#
####.##.##
#.#..# #.#.##
#...#


You could see a killer bee.

Vanquished Creatures
  A two-headed ogre (D:6)
  Maggie (D:7)
  A wyvern (D:7)
  2 water moccasins (D:6)
  An orc warrior (D:7)
  A sky beast (D:7)
  A black bear (D:7)
  An ice beast (D:6)
  An ogre (D:7)
  A necrophage (D:5)
  3 phantoms (D:5)
  2 kobold brigands
  2 killer bees (D:7)
  3 wights
  2 jellies
  A howler monkey (D:6)
  A bullfrog zombie (D:6)
  A centaur zombie (D:6)
  2 hounds
  A gnoll shaman (D:4)
  An orc priest (D:3)
  An iguana (D:6)
  A bullfrog skeleton (D:6)
  A hound skeleton (D:5)
  A howler monkey zombie (D:5)
  9 adders
  4 gnolls (D:4)
  A howler monkey skeleton (D:6)
  2 shadow imps
  A white imp (D:6)
  An ufetubus (D:6)
  A worm (D:4)
  4 dart slugs
  8 orcs
  6 bats
  2 endoplasms (D:1)
  3 giant cockroaches
  9 goblins
  5 hobgoblins
  2 quokkas
  10 ball pythons
  6 frilled lizards
  8 kobolds
  4 rats
120 creatures vanquished.

Vanquished Creatures (collateral kills)
  2 rats (D:2)
2 creatures vanquished.

Vanquished Creatures (others)
  A plant (D:5)
1 creature vanquished.

Grand Total: 123 creatures vanquished

Notes
Turn   | Place    | Note
-------+----------+-------------------------------------------
     0 | D:1      | Kaptain the Gargoyle Earth Elementalist began the quest for
                  | the Orb.
     0 | D:1      | Reached XP level 1. HP: 10/10 MP: 3/3
   356 | D:1      | Reached XP level 2. HP: 13/15 MP: 1/5
   562 | D:1      | Found a faded altar of an unknown god.
  1070 | D:1      | Reached XP level 3. HP: 20/20 MP: 6/6
  1074 | D:1      | Learned a level 3 spell: Stone Arrow
  1564 | D:2      | Reached skill level 4 in Earth Magic
  1815 | D:2      | Reached skill level 1 in Armour
  1903 | D:2      | Found Qeohaevi's Weapon Emporium.
  1947 | D:2      | Reached skill level 1 in Conjurations
  2024 | D:3      | Reached XP level 4. HP: 24/24 MP: 7/7
  2080 | D:3      | Reached skill level 1 in Fighting
  3414 | D:4      | Reached XP level 5. HP: 29/29 MP: 6/9
  3565 | D:4      | Noticed a kobold brigand
  3572 | D:4      | Killed a kobold brigand
  3922 | D:4      | Reached XP level 6. HP: 34/34 MP: 7/10
  3981 | D:4      | Reached skill level 5 in Earth Magic
  4302 | D:5      | Entered Level 5 of the Dungeon
  4384 | D:5      | Noticed a necrophage
  4388 | D:5      | Killed a necrophage
  4389 | D:5      | Reached skill level 1 in Shields
  4457 | D:5      | Reached XP level 7. HP: 34/40 MP: 4/12
  4901 | D:5      | Found Kiriteso's Hydra Hut.
  4913 | D:5      | Noticed a four-headed hydra
  4986 | D:5      | Found Veikono's Weapon Shoppe.
  5606 | D:6      | Reached XP level 8. HP: 43/45 MP: 14/14
  5894 | D:6      | Reached skill level 6 in Earth Magic
  5920 | D:6      | Noticed a two-headed ogre
  6055 | D:6      | Killed a two-headed ogre
  6056 | D:6      | Reached XP level 9. HP: 13/51 MP: 0/16
  6392 | D:6      | Reached skill level 5 in Conjurations
  6539 | D:6      | Reached skill level 5 in Spellcasting
  6539 | D:6      | Reached skill level 7 in Earth Magic
  6708 | D:6      | Found a shimmering altar of Xom.
  6802 | D:6      | Identified the +3 mace "Cysikant" {distort, rC+ Str+3 Dex+2
                  | SInv}
  7425 | D:7      | Reached skill level 5 in Stealth
  7463 | D:7      | Found a staircase to the Ecumenical Temple.
  7473 | Temple   | Entered the Ecumenical Temple
  8318 | D:7      | Noticed Maggie
  8327 | D:7      | Gained mutation: You are frail. (-10% HP) [potion of
                  | mutation]
  8327 | D:7      | Gained mutation: You have a pair of small horns on your
                  | head. [potion of mutation]
  8327 | D:7      | Gained mutation: You are somewhat resistant to further
                  | mutation. [potion of mutation]
  8331 | D:7      | Killed Maggie
  8331 | D:7      | HP: 3/69 [killer bee (7)]
  8335 | D:7      | HP: 1/69 [killer bee (2)]
  8335 | D:7      | Slain by a killer bee

Illustrated notes

Levels and vault maps discovered:
D:1:      onia_arrival_mini_maze_b, layout_basic,
          hellmonk_ecumenical_altar_pennies_from_heaven
D:2:      layout_basic, serial_shops, nicolae_shop_waterfront
D:3:      layout_loops_corners
D:4:      layout_basic
D:5:      layout_loops_ring, serial_shops, kennysheep_mini,
          doesnt_shop_hydraphobe
D:6:      layout_basic, mainiacjoe_overflow_six_doors_small,
          hangedman_abyss_or_decor_jellyfish_corner,
          corexii_item_surrounded_by_moat, chequers_serial_rivers_small_a,
          minmay_checkerbox
D:7:      minmay_the_grid_triangle_9x9_recursive_2
          [minmay_the_grid_triangle_9x9_prize_top_heavy,
          minmay_the_grid_triangle_9x9_intruding_spiral,
          minmay_the_grid_triangle_9x9_flanged_cone,
          minmay_the_grid_triangle_9x9_odd_lines], layout_basic,
          minmay_temple_entry_overgrown, kennysheep_generic_room_6, uniq_maggie
Temple:   mainiacjoe_temple_starburst

Skill      XL: |  1  2  3  4  5  6  7  8  9 |
---------------+----------------------------+-----
Earth Magic    | 4 5 6 7 |  7.8
Armour         | 1 2 3 4 |  4.1
Conjurations   | 1 2 3 4 5 |  5.9
Fighting       | 1 2 3 4 |  4.1
Dodging        | 2 3 |  3.6
Spellcasting   | 3 4 5 |  5.6
Stealth        | 3 4 5 |  5.1
Shields        | 1 2 3 |  3.5
Transmutations | |  0.7

Action                   |  1- 3 |  4- 6 |  7- 9 || total
-------------------------+-------+-------+-------++-------
Melee: Dagger            |    63 |       |       ||    63
       Trident           |    19 |    25 |     2 ||    46
       Halberd           |       |       |    19 ||    19
 Cast: Sandblast         |    31 |    67 |    27 ||   125
       Stone Arrow       |       |       |    67 ||    67
  Use: Scroll            |     4 |     4 |     2 ||    10
       Potion            |       |     1 |     8 ||     9
 Stab: Sleeping          |     5 |     1 |     3 ||     9
Armor: Robe              |    23 |     9 |       ||    32
       Leather armour    |       |    11 |    32 ||    43
       Skin              |       |       |    14 ||    14
Dodge: Dodged            |    58 |    39 |    46 ||   143
